 Dungeon Crawl Stone Soup version 0.31-a0-1616-gbeaec30 (webtiles) character file.

Game seed: 1709026235144798536

783 Dorkslayer the Slasher (level 7, -4/49 HPs)
             Began as an Octopode Fighter on Jan 10, 2024.
             Slain by a yak (12 damage)
             ... on level 4 of the Dungeon.
             The game lasted 00:07:42 (2915 turns).

Dorkslayer the Slasher (Octopode Fighter)           Turns: 2915, Time: 00:07:42

Health: -4/49      AC:  1    Str: 15    XL:     7   Next: 86%
Magic:  7/7        EV: 14    Int: 10    God:
Gold:   209        SH:  5    Dex: 14    Spells: 6/6 levels left

rFire   . . .        e - +1 scimitar
rCold   . . .        b - +0 buckler
rNeg    . . .        (helmet restricted)
rPois   .            (no amulet)
rElec   .            o - ring of willpower
rCorr   .            (no ring)
SInv    .            (no ring)
Will    +....        (no ring)
Stlth   ++++         (no ring)
HPRegen 0.28/turn    (no ring)
MPRegen 0.10/turn    (no ring)
                     (no ring)

%: no passive effects
@: mighty
A: almost no armour, amphibious, 8 rings, camouflage 1, gelatinous body 1,
(nimble swimmer 1), tentacles
a: no special abilities


You were on level 4 of the Dungeon.
You visited 1 branch of the dungeon, and saw 4 of its levels.

You collected 209 gold pieces.

Inventory:

Hand Weapons
 a - a +0 long sword
 e - a +1 scimitar (weapon)
Missiles
 i - 4 boomerangs (quivered)
Armour
 b - a +0 buckler (worn)
Jewellery
 o - a ring of willpower (left tentacle)
Scrolls
 k - a scroll of immolation
 m - 2 scrolls of teleportation
Potions
 c - a potion of mutation
 d - 2 potions of enlightenment
 f - a potion of brilliance {unknown}
 g - a potion of invisibility {unknown}
 h - 2 potions of ambrosia
 l - a potion of attraction {unknown}
 q - a potion of haste {unknown}


   Skills:
 + Level 4.5 Fighting
 + Level 5.7 Long Blades
 + Level 0.2 Throwing
 * Level 4.8 Dodging
 + Level 4.7 Stealth
 + Level 3.3 Shields


You had 6 spell levels left.
You didn't know any spells.
Your spell library contained the following spells:

 Spells                   Type           Power      Damage    Failure   Level
 Lesser Beckoning         Tloc           0%         N/A       58%         2
 Fugue of the Fallen      Necr           0%         N/A       83%         3
 Gell's Gravitas          Tloc           0%         N/A       83%         3
 Ozocubu's Armour         Ice            0%         N/A       83%         3
 Teleport Other           Tloc           0%         N/A       83%         3
 Manifold Assault         Tloc           0%         N/A       99%         4
 Summon Forest            Summ/Tloc      0%         N/A       100%        5
 Eringya's Noxious Bog    Alch           0%         4d6       100%        6
 Summon Hydra             Summ           0%         N/A       100%        7


Dungeon Overview and Level Annotations

Branches:
Dungeon (4/15)
 Temple: D:4-7

Altars:
Ashenzari
Gozag
Sif Muna
Zin

Shops:
D:2 [


Innate Abilities, Weirdness & Mutations

You cannot wear most types of armour.
You are amphibious.
You can wear up to eight rings at the same time.
Your skin changes colour to match your surroundings (Stealth+).
Your rubbery body absorbs attacks. (AC +1, EV +1)
((You are camouflaged when in or above water. (Stealth+)))
You have tentacles for arms and can constrict up to eight enemies at once.


Message History

* * * LOW HITPOINT WARNING * * *
You slash the yak!
You kill the yak!
Things that are here:
a +0 leather armour; a yak corpse You are confused.
You feel invigorated.
You feel less invigorated.
You feel less confused.
Things that are here:
a +0 leather armour; a yak corpse The yak bellows!
You hear a bellow!
You barely miss the yak. You tentacle-slap the yak.
Your squeeze misses the yak.
The yak is lightly wounded.
The yak completely misses you.
You hit the yak. You squeeze the yak.
The yak is moderately wounded.
The yak gores you.
You barely miss the yak.
The yak is moderately wounded.
The yak gores you.
You closely miss the yak.
The yak is moderately wounded.
The yak gores you! The yak gores you.
The yak bellows!
You slash the yak!
The yak is severely wounded.
The yak gores you!
You hit the yak. Your squeeze misses the yak.
The yak is severely wounded.
The yak gores you!
* * * LOW HITPOINT WARNING * * *
You slash the yak!
The yak is almost dead.
The yak misses you.
You barely miss the yak. Your squeeze misses the yak.
The yak is almost dead.
The yak gores you!
You die...

#........ #..#.)## #.##....#
#......# #.#####.. #.#....# #.#
## #.#....######## #.#
#.#.#...........#
####.########.#.##..#.......####
#...................'.......'...
#.##.##########.###.#.......####
#.##.# #@# #.######### ## #.##.#
#Y# #.### #. #.##.# #Y# #...# #.
#..#.# #Y# ###.## #. ##.#.. ..#
#..# ## #.### #..Y.!"#.# #.#
#......#.## #.# #......#..#
###### #.# ..YY..##.###.....


You could see 3 yaks.

Vanquished Creatures
  2 yaks (D:4)
  A sky beast (D:4)
  An ogre (D:3)
  A phantom (D:4)
  A bombardier beetle (D:4)
  A sleepcap (D:3)
  An iguana (D:4)
  3 gnolls (D:4)
  8 adders
  2 dart slugs
  An orc (D:3)
  5 bats
  3 endoplasms
  3 giant cockroaches
  3 hobgoblins
  3 jackals (D:2)
  10 kobolds
  4 quokkas
  7 ball pythons
  A frilled lizard (D:1)
  4 goblins (D:4)
  7 rats
72 creatures vanquished.

Vanquished Creatures (collateral kills)
  An endoplasm (D:4)
  A hobgoblin (D:4)
2 creatures vanquished.

Grand Total: 74 creatures vanquished

Notes
Turn   | Place    | Note
-------+----------+-------------------------------------------
     0 | D:1      | Dorkslayer the Octopode Fighter began the quest for the
                  | Orb.
     0 | D:1      | Reached XP level 1. HP: 16/16 MP: 1/1
   124 | D:1      | Reached XP level 2. HP: 11/21 MP: 2/2
   586 | D:1      | Reached XP level 3. HP: 21/26 MP: 3/3
   857 | D:2      | Reached skill level 1 in Stealth
   986 | D:2      | Reached XP level 4. HP: 30/31 MP: 4/4
  1045 | D:2      | Reached skill level 3 in Long Blades
  1196 | D:2      | Found a faded altar of an unknown god.
  1292 | D:2      | Found Letheklar's Armour Emporium.
  1606 | D:3      | Found a broken altar of Ashenzari.
  1623 | D:3      | Reached XP level 5. HP: 15/36 MP: 5/5
  1768 | D:3      | Noticed an ogre
  1776 | D:3      | Killed an ogre
  1795 | D:3      | Found an opulent altar of Gozag.
  1795 | D:3      | Found a glowing silver altar of Zin.
  1956 | D:3      | Reached XP level 6. HP: 42/42 MP: 6/6
  2127 | D:4      | Reached skill level 4 in Long Blades
  2148 | D:4      | Found a shimmering blue altar of Sif Muna.
  2249 | D:4      | Noticed a yak
  2249 | D:4      | Noticed a yak
  2249 | D:4      | Noticed a yak
  2250 | D:4      | Noticed a yak
  2250 | D:4      | Noticed a yak
  2669 | D:4      | Noticed a sky beast
  2683 | D:4      | Killed a sky beast
  2684 | D:4      | Reached XP level 7. HP: 21/48 MP: 7/7
  2878 | D:4      | Killed a yak
  2879 | D:4      | Reached skill level 5 in Long Blades
  2882 | D:4      | Killed a yak
  2915 | D:4      | Slain by a yak

Illustrated notes

Levels and vault maps discovered:
D:1:      minmay_arrival_five_plusses, layout_loops_ring
D:2:      layout_rooms, hellmonk_ecumenical_altar_zigzags, serial_shops, shop
D:3:      layout_loops_ring, grunt_temple_overflow_gold_and_silver,
          lemuel_doored_altar, reono_crystal_passage
D:4:      layout_basic, lemuel_coloured_pillars_altar,
          serial_library_hellmonk_secret_room, chequers_serial_rivers_micro_c

Skill      XL: |  1  2  3  4  5  6  7 |
---------------+----------------------+-----
Stealth        | 1 2 3 4 |  4.7
Long Blades    | 3 4 5 |  5.7
Dodging        | 4 |  4.8
Fighting       | 4 |  4.5
Throwing       | |  0.2
Shields        | |  3.3

Action                     |  1- 3 |  4- 6 |  7- 9 || total
---------------------------+-------+-------+-------++-------
  Melee: Long sword        |    64 |    46 |       ||   110
         Constrict         |    17 |    15 |     1 ||    33
         Tentacles         |     6 |    15 |     4 ||    25
         Punch             |     1 |     1 |     1 ||     3
         Scimitar          |       |    41 |    16 ||    57
  Throw: Boomerang         |       |       |     3 ||     3
    Use: Potion            |       |     2 |     2 ||     4
         Scroll            |       |    10 |     1 ||    11
   Stab: Sleeping          |     8 |    10 |     1 ||    19
 Armour: Skin              |    30 |    35 |    11 ||    76
  Dodge: Dodged            |    31 |    48 |     3 ||    82
  Block: Buckler           |     8 |    14 |     1 ||    23

Table legend: (Time is in decaauts)
 A = Elapsed time spent in this place.
 B = Non-inter-level travel time spent in this place.
 C = Inter-level travel time spent in this place.
 D = Time resting spent in this place.
 E = Time spent auto-exploring this place.
 F = Levels seen in this place.
 G = Mean time per level.
                   A        B        C        D        E       F      G
               +--------+--------+--------+--------+--------+-----+--------+
         Total |   2960 |   2960 |      0 |    268 |   1345 |   4 |  740.0 |
       Dungeon |   2960 |   2960 |      0 |    268 |   1345 |   4 |  740.0 |
               +--------+--------+--------+--------+--------+-----+--------+

Top non-repeatable levels by time:
     D:4: 880 daAuts
     D:1: 814 daAuts
     D:3: 650 daAuts
     D:2: 615 daAuts
